Unix NetHack Version 3.7.0-97 Work-in-progress - last build Feb 8 2024 15:05:57 (6d6cdf8371b60126770a3d7b88910941cb14a054,branch:master). Game began 2024-02-24 10:48:28, ended 2024-02-24 11:36:45. elenmirie, neutral female gnomish Archeologist ----------------------------- |....|...[....).........@.dd| |....|.....----------------.| |..........| |.........| |....|.....| |.........| |..0.|.....| |.........| |-.--------- |.........| |....|....| |....<....| |.........--- |.........| |..00|00...>| |.........| |....|....--- |.........| ----------- ----------- Elenmirie the Investigator St:18 Dx:10 Co:12 In:16 Wi:14 Ch:8 Neutral Dlvl:4 $:0 HP:0(45) Pw:35(35) AC:2 Xp:6/606 T:5289 Burdened Latest messages: With great effort you move the boulder. With great effort you move the boulder. The boulder falls into and plugs a hole in the floor! This door is locked. This door is locked. This door is locked. This door is locked. This door is locked. In what direction? j Thwack!! In what direction? j As you kick the door, it crashes open! The winter wolf cub breathes frost! The blast of frost hits the ape. The blast of frost hits the winter wolf cub. The blast of frost hits you! The goblin zaps a curved wand! The wand misses the winter wolf cub. The wand misses you. The winter wolf cub bites! You lash the winter wolf cub! The winter wolf cub misses! The winter wolf cub bites! You miss the winter wolf cub. The winter wolf cub bites! You hear a nearby zap. The wand misses the winter wolf cub. e - an uncursed +0 pick-axe (weapon in right hand). a - an uncursed +2 bullwhip (alternate weapon; not wielded). The winter wolf cub bites! The winter wolf cub bites! The winter wolf cub breathes frost! The blast of frost hits you! What do you want to wield? [- aeqvx-zE or ?*] ? y - a crude bow (weapon in right hand). The winter wolf cub breathes frost! The blast of frost hits you! In what direction? l The poisoned crude arrow hits the winter wolf cub. The winter wolf cub breathes frost! The blast of frost hits you! You hear the wailing of the Banshee... The winter wolf cub breathes frost! The blast of frost hits you! You die... Do you want your possessions identified? [ynq] (y) y Do you want to see your attributes? [ynq] (y) y Do you want an account of creatures vanquished? [ynaq] (y) y Do you want to see your conduct and achievements? [ynq] (y) y Do you want to see the dungeon overview? [ynq] (y) y Inventory: Weapons x - 8 uncursed poisoned +0 orcish arrows (in quiver) y - an uncursed +2 orcish bow (weapon in right hand) E - 3 uncursed +0 darts q - an uncursed +0 dagger v - an uncursed +1 elven dagger z - 3 uncursed +0 elven daggers a - an uncursed +2 bullwhip (alternate weapon; not wielded) Armor f - an uncursed +0 orcish helm (being worn) r - an uncursed +0 pair of jumping boots (being worn) A - a cursed -1 pair of levitation boots s - an uncursed +0 cloak of displacement (being worn) h - an uncursed +0 elven mithril-coat (being worn) Comestibles d - 4 uncursed food rations j - 2 uncursed fortune cookies p - an uncursed tripe ration Rings c - a cursed -1 ring of increase accuracy o - a cursed ring of see invisible B - a cursed ring of shock resistance Wands i - an uncursed wand of light (0:13) u - an uncursed wand of polymorph (0:3) Tools w - an uncursed sack containing 14 items e - an uncursed +0 pick-axe t - an uncursed tinning kit (0:35) Gems/Stones m - an uncursed garnet stone g - an uncursed touchstone n - 4 uncursed rocks Contents of the sack: 1887 gold pieces 3 uncursed scrolls of earth an uncursed scroll of enchant armor an uncursed scroll of enchant weapon 2 uncursed scrolls of identify an uncursed scroll of remove curse an uncursed scroll of teleportation an uncursed spellbook of light an uncursed potion of booze an uncursed potion of fruit juice a cursed potion of gain ability an uncursed potion of see invisible an uncursed potion of sickness a potion of holy water Elenmirie the Archeologist's attributes: Background: You were an Investigator, a level 6 female gnomish Archeologist. You were neutral, on a mission for Camaxtli who was opposed by Quetzalcoatl (lawful) and Huhetotl (chaotic). You were right-handed. You were in Sokoban, on level 4. You entered the dungeon 5289 turns ago. There was a full moon in effect when your adventure ended. You had 606 experience points, 34 more were needed to attain level 7. Basics: You had 0 out of 45 hit points. You had all 35 energy points (spell power). Your armor class was 2. Your wallet was empty, but you had 1887 zorkmids stashed away in your pack. Autopickup was on for '$' plus thrown. Final Characteristics: Your strength was 18 (limit:18/50). Your dexterity was 10 (limit:18). Your constitution was 12 (limit:18). Your intelligence was 16 (limit:19). Your wisdom was 14 (limit:18). Your charisma was 8 (limit:18). Final Status: You weren't hungry. You were burdened; movement was slightly slowed. You were wielding a bow. You had no skill with bow. Final Attributes: You were piously aligned. You had automatic searching. You had infravision. You were displaced. You were stealthy. You could jump. You were guarded. You were lucky. You are dead. Miscellaneous: You never encountered a bones level. Total elapsed playing time was 32 minutes and 55 seconds. Major events: Turn 1: elenmirie the neutral female gnomish Archeologist entered the dungeon 861: attained the rank of Field Worker (level 3) 2392: entered the Gnomish Mines 3449: entered Sokoban 3820: attained the rank of Investigator (level 6) 4488: completed 1st Sokoban level 5273: completed 2nd Sokoban level 5289: killed by a blast of frost exhaled by a winter wolf cub Vanquished creatures: a quivering blob a dog a dust vortex an ape 2 Uruk-hai a rock mole 2 yellow lights a violet fungus a ghoul 7 giant ants 3 floating eyes 2 dwarves 9 hill orcs a rothe 3 giant bats 2 dwarf zombies a wererat a werejackal an iguana an acid blob a coyote 8 hobbits 2 manes a large kobold a hobgoblin 2 cave spiders 11 garter snakes 5 geckos 9 jackals 2 foxes 2 kobolds 3 goblins 2 sewer rats 7 grid bugs a bat 4 lichens 2 kobold zombies 4 newts 109 creatures vanquished. No species were genocided or became extinct. Voluntary challenges: You read items or engraved 1 time. You never engraved Elbereth. You never genocided any monsters. You never polymorphed an object. You never changed form. You used no wishes. You did not violate any of the special Sokoban rules. Achievements: You entered a shop. You attained the rank of Field Worker. You entered the Gnomish Mines. You entered Sokoban. You attained the rank of Investigator. The Dungeons of Doom: levels 1 to 6 Level 1: Level 2: Some fountains. Level 3: Many altars. Level 4: A fountain. Stairs down to The Gnomish Mines. Level 5: Many fountains. Oracle of Delphi. Level 6: Stairs up to Sokoban, level 5. The Gnomish Mines: Level 5: Sokoban: levels 5 up to 4 Level 4: <- You were here. Solved. Final resting place for you, killed by a blast of frost exhaled by a winter wolf cub. Level 5: Solved. Game over: ---------- / \ / REST \ / IN \ / PEACE \ / \ | elenmirie | | 1887 Au | | killed by a | | blast of frost | | exhaled by a | | winter wolf cub | | 2024 | *| * * * | * _________)/\\_//(\/(/\)/\//\/|_)_______ Goodbye elenmirie the Archeologist... You died in Sokoban on dungeon level 4 with 4383 points, and 1887 pieces of gold, after 5289 moves. You were level 6 with a maximum of 45 hit points when you died.